 Dungeon Crawl Stone Soup version 0.29-a0-885-gb26ba3297d (webtiles) character file.

Game seed: 3848469480675283148

69 gobodom the Firebug (level 4, -2/30 HPs)
             Began as a Demonspawn Fire Elementalist on July 20, 2022.
             Slain by a gnoll
             ... wielding a +2 vorpal flail
              (6 damage)
             ... on level 2 of the Dungeon.
             The game lasted 00:03:54 (1495 turns).

gobodom the Firebug (Demonspawn Fire Elementalist)  Turns: 1495, Time: 00:03:54

Health: -2/30      AC:  5    Str:  9    XL:     4   Next: 2%
Magic:  1/7        EV: 12    Int: 18    God:
Gold:   50         SH:  5    Dex: 13    Spells: 5/8 levels left

rFire   . . .      SeeInvis .   c - +0 dagger (elec)
rCold   . . .      Faith    .   (no shield)
rNeg    . . .      Spirit   .   a - +0 robe
rPois   +          Reflect  +   e - +2 hat
rElec   .          Harm     .   (no cloak)
rCorr   .          Rampage  .   (no gloves)
Will    .....                   (no boots)
Stlth   ++........              f - amulet of reflection
HPRegen 0.10/turn               g - ring of poison resistance
MPRegen 0.10/turn               (no ring)

@: no status effects
A: claws 2, rugged brown scales 1
a: no special abilities


You were on level 2 of the Dungeon.
You visited 1 branch of the dungeon, and saw 2 of its levels.

You collected 50 gold pieces.

Inventory:

Hand Weapons
 c - a +0 dagger of electrocution (weapon)
Armour
 a - a +0 robe (worn)
 e - a +2 hat (worn)
Jewellery
 f - an amulet of reflection (around neck)
 g - a ring of poison resistance (left claw)
Scrolls
 d - a scroll of noise {unknown}
 h - a scroll of teleportation {unknown}
 j - a scroll of blinking {unknown}
Potions
 b - a potion of magic
 i - a potion of curing {unknown}


   Skills:
 + Level 0.3 Fighting
 + Level 1.1 Short Blades
 + Level 2.3 Dodging
 + Level 2.0 Stealth
 + Level 0.1 Shields
 + Level 2.6 Spellcasting
 + Level 1.2 Conjurations
 + Level 3.2 Fire Magic


You had 5 spell levels left.
You knew the following spells:

 Your Spells              Type           Power      Damage    Failure   Level
a - Foxfire               Conj/Fire      40%        2x1d6     7%          1
b - Scorch                Fire           26%        2d6       7%          2

Your spell library contained the following spells:

 Spells                   Type           Power      Damage    Failure   Level
 Conjure Flame            Conj/Fire      10%        6-21      21%         3
 Inner Flame              Hex/Fire       8%         N/A       26%         3
 Flame Wave               Conj/Fire      10%        2d5       56%         4


Dungeon Overview and Level Annotations

Branches:
Dungeon (2/15)

Altars:


Innate Abilities, Weirdness & Mutations

You have very sharp fingernails.
You are partially covered in rugged brown scales. (AC +1, +3% HP)


Message History

You conjure some foxfire!
The foxfire hits the gnoll.
The gnoll is moderately wounded.
The foxfire hits the gnoll.
The gnoll is heavily wounded.
The foxfire hits the gnoll.
The gnoll is severely wounded.
You conjure some foxfire!
The foxfire hits the gnoll.
The gnoll is severely wounded.
You conjure some foxfire!
The foxfire hits the gnoll.
The gnoll is almost dead.
The foxfire hits the gnoll.
You kill the gnoll!
Your Short Blades skill increases to level 1!
You have reached level 4!
You feel stronger.
Your demonic ancestry asserts itself...
Rugged brown scales grow over part of your body.
You conjure some foxfire!
The foxfire hits the gnoll.
The gnoll is moderately wounded.
A rat comes into view.
The foxfire hits the gnoll.
The gnoll is severely wounded.
The gnoll hits you but does no damage.
The foxfire hits the gnoll.
The gnoll is almost dead.
You are out of magic!
You barely miss the gnoll.
The gnoll is almost dead.
The foxfire hits the gnoll but does no damage.
The gnoll is almost dead.
The gnoll misses you. The gnoll attacks as you move away!
The gnoll hits you with a +2 vorpal flail.
You hit the gnoll but do no damage.
The gnoll is almost dead.
The gnoll hits you with a +2 vorpal flail!
* * * LOW HITPOINT WARNING * * *
x2 The gnoll hits you from afar with a +0 halberd.
* * * LOW HITPOINT WARNING * * *
The gnoll attacks as you move away!
The gnoll hits you with a +2 vorpal flail.
You die...

###.........#
#..........
#.#####....
##.........#
#..........#
#.######.. .
#.# #
##.#######..#
#..@ggJ......
##.##g)r.....
#.##.#.##..#
#.##.# #
#.##.# #.....
####.# #.#
#.#


You could see 3 gnolls, an endoplasm and a rat.

Vanquished Creatures
  A gnoll (D:2)
  2 adders (D:2)
  3 dart slugs (D:1)
  2 ball pythons (D:1)
  2 bats (D:1)
  5 endoplasms
  A giant cockroach (D:1)
  A hobgoblin (D:2)
  6 kobolds
  3 quokkas
  3 goblins (D:1)
  4 rats (D:1)
33 creatures vanquished.

Vanquished Creatures (others)
  92 foxfires
92 creatures vanquished.

Grand Total: 125 creatures vanquished

Notes
Turn   | Place    | Note
-------+----------+-------------------------------------------
     0 | D:1      | gobodom the Demonspawn Fire Elementalist began the quest
                  | for the Orb.
     0 | D:1      | Reached XP level 1. HP: 13/13 MP: 3/3
   274 | D:1      | Gained mutation: You have sharp fingernails. [demonic
                  | ancestry]
   274 | D:1      | Reached XP level 2. HP: 15/19 MP: 1/5
   591 | D:1      | Found a faded altar of an unknown god.
   834 | D:1      | Reached skill level 3 in Fire Magic
   936 | D:1      | Gained mutation: You have very sharp fingernails. [demonic
                  | ancestry]
   936 | D:1      | Reached XP level 3. HP: 24/24 MP: 2/6
  1257 | D:1      | Learned a level 2 spell: Scorch
  1490 | D:2      | Reached skill level 1 in Short Blades
  1490 | D:2      | Gained mutation: You are partially covered in rugged brown
                  | scales. (AC +1, +3% HP) [demonic ancestry]
  1490 | D:2      | Reached XP level 4. HP: 24/30 MP: 1/7
  1495 | D:2      | Slain by a gnoll

Illustrated notes

Levels and vault maps discovered:
D:1:      minmay_arrival_loop, layout_basic, shapermc_ecumenical_altar_pompeii,
          serial_glass, glass_columns_a, glass_columns_c
D:2:      layout_basic, minmay_misc_feat_rows

Skill      XL: |  1  2  3 |
---------------+----------+-----
Dodging        | 2 |  2.3
Fire Magic     | 3 |  3.2
Stealth        | 2 |  2.0
Short Blades   | 1 |  1.1
Fighting       | |  0.3
Shields        | |  0.1
Spellcasting   | |  2.6
Conjurations   | |  1.2

Action                   |  1- 3 |  4- 6 || total
-------------------------+-------+-------++-------
Melee: Dagger            |    35 |     2 ||    37
 Cast: Foxfire           |    52 |     1 ||    53
 Stab: Sleeping          |     1 |       ||     1
Armor: Robe              |     9 |     1 ||    10
Dodge: Dodged            |    22 |     1 ||    23
Block: Other             |     5 |       ||     5

Table legend: (Time is in decaauts)
 A = Elapsed time spent in this place.
 B = Non-inter-level travel time spent in this place.
 C = Inter-level travel time spent in this place.
 D = Time resting spent in this place.
 E = Time spent auto-exploring this place.
 F = Levels seen in this place.
 G = Mean time per level.
                   A        B        C        D        E       F      G
               +--------+--------+--------+--------+--------+-----+--------+
         Total |   1492 |   1492 |      0 |      0 |   1222 |   2 |  746.0 |
       Dungeon |   1492 |   1492 |      0 |      0 |   1222 |   2 |  746.0 |
               +--------+--------+--------+--------+--------+-----+--------+

Top non-repeatable levels by time:
     D:1: 1256 daAuts
     D:2: 236 daAuts
